 Dungeon Crawl Stone Soup version 0.28-a0-8-g6e044cfa68 (webtiles) character file.

Game seed: 14927015789622250277

155 nelgraf2 the Insei (level 5, -2/40 HPs)
             Began as a Draconian Transmuter on July 24, 2021.
             Slain by an orc wizard (4 damage)
             ... on level 3 of the Dungeon.
             The game lasted 00:03:53 (2884 turns).

nelgraf2 the Insei (Draconian Transmuter)           Turns: 2884, Time: 00:03:53

Health: -2/40      AC:  5    Str: 12    XL:     5   Next: 14%
Magic:  9/9        EV: 12    Int: 14    God:
Gold:   81         SH:  0    Dex: 12    Spells: 6/9 levels left

rFire   . . .      SeeInvis .     - Unarmed
rCold   . . .      Faith    .   (no shield)
rNeg    . . .      Spirit   .   (armour unavailable)
rPois   .          Reflect  .   (helmet restricted)
rElec   .          Harm     .   (no cloak)
rCorr   .          Rampage  .   (no gloves)
Will    .....                   (no boots)
Stlth   +.........              (no amulet)
HPRegen 0.13/turn               (no ring)
MPRegen 0.11/turn               (no ring)

@: lethally poisoned (-2 -> -5)
A: AC +5, unfitting armour, cold-blooded
a: no special abilities


You were on level 3 of the Dungeon.
You visited 1 branch of the dungeon, and saw 3 of its levels.

You collected 81 gold pieces.

Inventory:

Missiles
 g - 5 boomerangs of dispersal
Armour
 d - a +0 buckler
Wands
 f - a wand of digging (3)
Scrolls
 a - a scroll of magic mapping {unknown}
 b - a scroll of summoning {unknown}
 c - 3 scrolls of identify {unknown}
 e - 3 scrolls of teleportation {unknown}


   Skills:
 + Level 1.2 Fighting
 + Level 2.2 Dodging
 + Level 4.4 Unarmed Combat
 + Level 2.8 Spellcasting
 + Level 3.1 Transmutations


You had 6 spell levels left.
You knew the following spells:

 Your Spells              Type           Power      Damage    Failure   Level
a - Beastly Appendage     Tmut           20%        N/A       6%          1
b - Wereblood             Tmut           10%        N/A       9%          2

Your spell library contained the following spells:

 Spells                   Type           Power      Damage    Failure   Level
 Spider Form              Tmut/Pois      3%         N/A       34%         3
 Ice Form                 Ice/Tmut       6%         N/A       75%         4


Dungeon Overview and Level Annotations

Branches:
Dungeon (3/15)

Altars:
Nemelex Xobeh
Okawaru
Ru


Innate Abilities, Weirdness & Mutations

Your plain brown scales are hard. (AC +5)
You cannot fit into any form of body armour.
You are cold-blooded and may be slowed by cold attacks.


Message History

The orc hits you but does no damage.
You closely miss the orc.
The orc is almost dead.
You hear some strange, mumbled words.
A puff of flame appears from out of thin air!
The puff of flame hits you! Something hits you but does no damage.
The orc barely misses you.
You are too injured to fight recklessly!
You are too injured to fight recklessly!
Unknown command.
You are too injured to fight recklessly!
You are too injured to fight recklessly!
You are too injured to fight recklessly!
Unknown command.
You hit the orc.
You kill the orc!
You hear some strange, mumbled words.
A puff of flame appears from out of thin air!
The puff of flame hits you.
You hear some strange, mumbled words.
Something tries to affect you, but you resist.
Something hits you but does no damage.
Things that are here:
a +0 club; a +0 chain mail; an orc corpse The adder bites you.
You are poisoned.
The adder poisons you!
You hit the adder.
The adder is severely wounded.
You feel sick.
You hear some strange, mumbled words.
A puff of flame appears from out of thin air!
The puff of flame hits you!
* * * LOW HITPOINT WARNING * * *
The adder bites you but does no damage.
You hit the adder.
The adder is almost dead.
* * * LOW HITPOINT WARNING * * *
You feel sick. The adder barely misses you. Something hits you.
You die...

#... #. #..# ..#.
#######..# #.#. .
#....##..# #.#. ...
#...^##..# #.#.
.....####....##..# #.#.
.....{o).).......# #.#.
.....####o...###.####.#.
### #.S@{...............
#.##########......#. #
########. #. #. #. #. #.
#.


You could see an adder and an orc.

Vanquished Creatures
  An orc wizard (D:3)
  2 adders
  3 gnolls (D:2)
  A white imp (D:3)
  3 worms
  5 orcs (D:3)
  3 ball pythons
  2 bats
  4 endoplasms
  2 giant cockroaches
  6 goblins
  5 hobgoblins
  6 jackals
  2 quokkas
  5 frilled lizards
  8 kobolds
  2 rats
60 creatures vanquished.

Notes
Turn   | Place    | Note
-------+----------+-------------------------------------------
     0 | D:1      | nelgraf2 the Draconian Transmuter began the quest for the
                  | Orb.
     0 | D:1      | Reached XP level 1. HP: 16/16 MP: 3/3
   194 | D:1      | Reached XP level 2. HP: 2/23 MP: 5/5
  1330 | D:2      | Reached XP level 3. HP: 28/28 MP: 4/6
  1877 | D:2      | Reached skill level 4 in Unarmed Combat
  1877 | D:2      | Reached XP level 4. HP: 23/35 MP: 7/7
  1884 | D:2      | Learned a level 2 spell: Wereblood
  2509 | D:2      | Found a faded altar of an unknown god.
  2569 | D:3      | Found a sparkling altar of Nemelex Xobeh.
  2595 | D:3      | Found an iron altar of Okawaru.
  2623 | D:3      | Found a sacrificial altar of Ru.
  2757 | D:3      | Reached XP level 5. HP: 30/40 MP: 9/9
  2884 | D:3      | HP: 2/40 [poisoned by an adder]
  2884 | D:3      | Slain by an orc wizard

Illustrated notes

Levels and vault maps discovered:
D:1:      dpeg_arrival_brainrot, layout_rooms, minivault_25
D:2:      layout_loops_cross, hellmonk_ecumenical_altar_pennies_from_heaven
D:3:      layout_basic, nicolae_ru_great_annihilating_truth,
          mainiacjoe_overflow_24_doors, lemuel_tele_altar,
          nicolae_overflow_crystal_walls, serial_park_tiny_pond,
          chequers_serial_rivers_marsh, hex_large, uniq_terence

Skill      XL: |  1  2  3  4 |
---------------+-------------+-----
Dodging        | 2 |  2.2
Unarmed Combat | 4 |  4.4
Transmutations | 3 |  3.1
Fighting       | |  1.2
Spellcasting   | |  2.8

Action                   |  1- 3 |  4- 6 || total
-------------------------+-------+-------++-------
Melee: Unarmed           |    84 |    85 ||   169
       Headbutt          |    13 |     3 ||    16
       Kick              |    15 |    13 ||    28
       Punch             |     2 |     2 ||     4
       Tailslap          |     3 |     9 ||    12
 Cast: Beastly Appendage |    15 |    15 ||    30
       Wereblood         |       |     4 ||     4
  Use: Scroll            |     1 |       ||     1
Armor: Skin              |    27 |    29 ||    56
Dodge: Dodged            |    68 |    48 ||   116

Table legend: (Time is in decaauts)
 A = Elapsed time spent in this place.
 B = Non-inter-level travel time spent in this place.
 C = Inter-level travel time spent in this place.
 D = Time resting spent in this place.
 E = Time spent auto-exploring this place.
 F = Levels seen in this place.
 G = Mean time per level.
                   A        B        C        D        E       F      G
               +--------+--------+--------+--------+--------+-----+--------+
         Total |   2876 |   2858 |     18 |    607 |   1903 |   3 |  958.7 |
       Dungeon |   2876 |   2858 |     18 |    607 |   1903 |   3 |  958.7 |
               +--------+--------+--------+--------+--------+-----+--------+

Top non-repeatable levels by time:
     D:1: 1320 daAuts
     D:2: 1221 daAuts
     D:3: 333 daAuts
